[ PARTIDA AOE2 · #473862249 ]
Team RMLituanos vs Spanish
[ ANÁLISIS DE REPETICIÓN · EXTRAÍDO DE LA PARTIDA GRABADA ]
Feudal
16:22
Castillos
23:31
Imperial
40:27
| APM promedio | 19.8 |
| APM pico | 49 |
| eAPM promedio | 9.9 |
| Aldeanos / militares | 117 / 88 |
Foco
⚔️ 21.5% · 🌾 78.5%
Leitis ×51 · Fishing Ship ×22 · Scout Cavalry ×20 · Fire Galley ×13 · Galley ×3 · Demolition Raft ×1
Feudal
12:23
Castillos
20:53
Imperial
—
| APM promedio | 13.4 |
| APM pico | 47 |
| eAPM promedio | 6.2 |
| Aldeanos / militares | 69 / 61 |
Foco
⚔️ 26.2% · 🌾 73.8%
Scout Cavalry ×26 · Knight ×12 · Cavalry Archer ×11 · Fishing Ship ×9 · Galley ×8 · Monk ×3
Feudal
14:38
Castillos
43:34
Imperial
51:00
| APM promedio | 10.8 |
| APM pico | 28 |
| eAPM promedio | 7.2 |
| Aldeanos / militares | 98 / 20 |
Foco
⚔️ 16.8% · 🌾 83.2%
Militia ×16 · Spearman ×4
Feudal
13:02
Castillos
24:55
Imperial
—
| APM promedio | 19.4 |
| APM pico | 53 |
| eAPM promedio | 10.4 |
| Aldeanos / militares | 56 / 18 |
Foco
⚔️ 26.7% · 🌾 73.3%
Spearman ×16 · Fishing Ship ×6 · Monk ×1 · Fire Galley ×1
Feudal
10:50
Castillos
20:39
Imperial
36:52
| APM promedio | 14.9 |
| APM pico | 33 |
| eAPM promedio | 11.8 |
| Aldeanos / militares | 91 / 80 |
Foco
⚔️ 35.7% · 🌾 64.3%
Fishing Ship ×51 · Longbowman ×33 · Fire Galley ×19 · Spearman ×11 · Militia ×8 · Trebuchet (Packed) ×5
Feudal
15:10
Castillos
26:10
Imperial
45:29
| APM promedio | 19.3 |
| APM pico | 191 |
| eAPM promedio | 14.6 |
| Aldeanos / militares | 101 / 107 |
Foco
⚔️ 35.2% · 🌾 64.8%
Militia ×57 · Spearman ×33 · Fishing Ship ×21 · Battering Ram ×9 · Demolition Raft ×3 · Gbeto ×3
Feudal
13:01
Castillos
32:39
Imperial
—
| APM promedio | 28.8 |
| APM pico | 82 |
| eAPM promedio | 11.8 |
| Aldeanos / militares | 97 / 11 |
Foco
⚔️ 19.2% · 🌾 80.8%
Fishing Ship ×30 · Spearman ×11
Feudal
10:36
Castillos
15:51
Imperial
33:11
| APM promedio | 14.4 |
| APM pico | 34 |
| eAPM promedio | 9.7 |
| Aldeanos / militares | 49 / 73 |
Foco
⚔️ 39.7% · 🌾 60.3%
Spearman ×30 · Knight ×24 · Conquistador ×12 · Fishing Ship ×8 · Trebuchet (Packed) ×5 · Battering Ram ×2
Mapa de la partida
Recursos iniciales + cada clic de construcción. Líneas = muros · curvas = relieve. ◆ oro · ⬟ piedra · ● bayas · ✦ reliquia · ◌ hueco del cierre
Tu base· ✓ Separados por el mapa
Base de alabataille· ✓ Separados por el mapa
Base de rapazz· ✓ Separados por el mapa
Base de TreePac ツ· ✓ Separados por el mapa
Base de bacon· ✓ Separados por el mapa
Base de Super Kaute· ✓ Separados por el mapa
Base de 𓆩ȺꞤȺꞦȻĦɎ𓆪· ✓ Separados por el mapa
Base de ken091617· ✓ Separados por el mapa
Terreno inicial suavizado · ◌ = hueco del cierre detectado · pasá el cursor para detalles
Inputs por minuto
— Kabun - - alabataille
Build order — Kabun
Primeras 150 de 189 acciones detectadas
| 2:02 | Construir | Town Center |
| 2:46 | Construir | House |
| 2:51 | Crear | Villager (Male) |
| 2:52 | Crear | Villager (Male) |
| 2:52 | Crear | Villager (Male) |
| 2:53 | Crear | Villager (Male) |
| 2:53 | Crear | Villager (Male) |
| 2:54 | Crear | Villager (Male) |
| 2:54 | Crear | Villager (Male) |
| 3:03 | Construir | Barracks |
| 4:09 | Construir | House |
| 4:28 | Crear | Villager (Male) |
| 4:41 | Construir | House |
| 4:47 | Crear | Villager (Male) |
| 4:48 | Crear | Villager (Male) |
| 5:28 | Crear | Villager (Male) |
| 5:59 | Crear | Villager (Male) |
| 6:26 | Construir | Lumber Camp |
| 7:17 | Construir | House |
| 7:26 | Crear | Villager (Male) |
| 7:55 | Construir | Dock |
| 8:18 | Crear | Villager (Male) |
| 8:19 | Crear | Villager (Male) |
| 8:33 | Construir | Mill |
| 8:43 | Crear | Fishing Ship |
| 8:43 | Crear | Fishing Ship |
| 8:45 | Crear | Fishing Ship |
| 9:03 | Crear | Fishing Ship |
| 9:08 | Crear | Fishing Ship |
| 9:22 | Construir | Farm |
| 9:24 | Construir | Farm |
| 9:41 | Construir | House |
| 9:50 | Construir | House |
| 9:53 | Construir | House |
| 9:55 | Construir | House |
| 10:10 | Construir | Palisade Wall |
| 10:17 | Crear | Fishing Ship |
| 10:18 | Crear | Fishing Ship |
| 10:22 | Crear | Villager (Male) |
| 10:48 | Construir | Dock |
| 11:05 | Construir | House |
| 11:20 | Crear | Villager (Male) |
| 11:32 | Crear | Fishing Ship |
| 11:33 | Crear | Fishing Ship |
| 11:33 | Crear | Fishing Ship |
| 11:50 | Construir | Palisade Wall |
| 12:02 | Construir | Palisade Gate |
| 12:19 | Construir | House |
| 12:28 | Crear | Villager (Male) |
| 12:31 | Crear | Villager (Male) |
| 12:55 | Crear | Fishing Ship ×5 |
| 12:57 | Crear | Fishing Ship |
| 13:38 | Construir | Mill |
| 13:47 | Crear | Villager (Male) |
| 14:04 | Construir | House |
| 14:05 | Construir | House |
| 14:08 | Investigar | Feudal Age |
| 14:29 | Construir | Lumber Camp |
| 15:25 | Construir | Dock |
| 15:39 | Crear | Fishing Ship |
| 15:40 | Crear | Fishing Ship |
| 15:41 | Crear | Fishing Ship |
| 15:44 | Crear | Fishing Ship |
| 15:45 | Crear | Fishing Ship |
| 15:45 | Crear | Fishing Ship |
| 16:08 | Crear | Villager (Male) |
| 16:09 | Crear | Villager (Male) |
| 16:10 | Crear | Villager (Male) |
| 16:22 | Edad | Edad Feudal |
| 16:48 | Construir | Stable |
| 16:56 | Construir | House |
| 16:57 | Construir | House |
| 17:02 | Investigar | Horse Collar |
| 17:07 | Investigar | Tech 906 |
| 17:10 | Crear | Demolition Raft |
| 17:15 | Investigar | Double-Bit Axe |
| 17:37 | Construir | Mining Camp |
| 17:58 | Construir | Mining Camp |
| 18:40 | Crear | Villager (Male) |
| 18:40 | Crear | Villager (Male) |
| 18:40 | Crear | Villager (Male) |
| 18:40 | Crear | Villager (Male) |
| 18:41 | Crear | Villager (Male) |
| 18:51 | Construir | Blacksmith |
| 19:52 | Construir | Farm |
| 19:55 | Crear | Villager (Male) ×5 |
| 20:05 | Construir | Market |
| 20:12 | Investigar | Forging |
| 20:12 | Investigar | Scale Barding Armor |
| 20:20 | Construir | House |
| 20:49 | Investigar | Castle Age |
| 20:55 | Crear | Villager (Male) ×5 |
| 21:33 | Investigar | Bloodlines |
| 21:59 | Crear | Galley ×3 |
| 22:18 | Construir | Lumber Camp |
| 23:16 | Construir | Stone Wall |
| 23:25 | Construir | House |
| 23:26 | Construir | House |
| 23:31 | Edad | Edad de los Castillos |
| 23:37 | Construir | Castle |
| 25:10 | Construir | Town Center |
| 25:13 | Crear | Leitis |
| 25:14 | Crear | Leitis |
| 25:14 | Crear | Leitis |
| 25:14 | Crear | Leitis |
| 25:15 | Crear | Leitis |
| 25:32 | Investigar | Gillnets |
| 26:47 | Crear | Villager (Male) |
| 26:47 | Crear | Villager (Male) |
| 26:48 | Crear | Villager (Male) ×5 |
| 26:57 | Crear | Villager (Male) ×5 |
| 27:10 | Investigar | Bow Saw |
| 28:01 | Construir | Stone Wall |
| 28:10 | Construir | Stable |
| 28:13 | Construir | Stable |
| 28:21 | Crear | Villager (Male) |
| 28:23 | Crear | Villager (Male) ×5 |
| 29:10 | Crear | Leitis ×3 |
| 29:57 | Construir | Lumber Camp |
| 30:06 | Crear | Villager (Male) |
| 30:56 | Crear | Villager (Male) |
| 30:56 | Crear | Villager (Male) |
| 31:01 | Construir | Town Center |
| 31:34 | Crear | Fire Galley |
| 31:34 | Crear | Fire Galley |
| 32:15 | Crear | Fire Galley ×5 |
| 32:21 | Crear | Fire Galley |
| 32:21 | Crear | Fire Galley |
| 32:22 | Crear | Fire Galley |
| 32:22 | Crear | Fire Galley |
| 32:22 | Crear | Fire Galley |
| 32:22 | Crear | Fire Galley |
| 32:51 | Crear | Villager (Male) ×5 |
| 32:51 | Crear | Villager (Male) ×5 |
| 32:51 | Crear | Villager (Male) ×5 |
| 32:52 | Crear | Villager (Male) ×5 |
| 33:03 | Construir | Town Center |
| 33:21 | Crear | Leitis ×3 |
| 33:51 | Crear | Villager (Male) ×5 |
| 33:52 | Crear | Villager (Male) ×5 |
| 34:04 | Construir | Mining Camp |
| 34:34 | Crear | Villager (Male) |
| 34:35 | Crear | Villager (Male) |
| 34:35 | Crear | Villager (Male) |
| 34:38 | Crear | Villager (Male) |
| 34:38 | Crear | Villager (Male) |
| 34:38 | Crear | Villager (Male) |
| 34:39 | Crear | Villager (Male) |
| 34:39 | Crear | Villager (Male) |
| 34:39 | Crear | Villager (Male) |
Build order — alabataille
Primeras 150 de 196 acciones detectadas
| 0:35 | Construir | Dock |
| 1:12 | Construir | House |
| 1:18 | Construir | House |
| 1:57 | Construir | Town Center |
| 2:53 | Crear | Villager (Male) |
| 2:54 | Crear | Villager (Male) |
| 2:54 | Crear | Villager (Male) |
| 2:55 | Crear | Villager (Male) |
| 2:55 | Crear | Villager (Male) |
| 4:05 | Crear | Fishing Ship |
| 4:05 | Crear | Fishing Ship |
| 4:06 | Crear | Fishing Ship |
| 4:30 | Construir | House |
| 4:32 | Construir | House |
| 4:43 | Construir | Palisade Wall |
| 4:48 | Crear | Villager (Male) |
| 5:29 | Crear | Villager (Male) |
| 5:31 | Crear | Villager (Male) |
| 5:43 | Crear | Fishing Ship |
| 5:58 | Crear | Fishing Ship |
| 5:59 | Crear | Fishing Ship |
| 6:08 | Construir | House |
| 6:10 | Construir | House |
| 6:13 | Construir | House |
| 6:14 | Construir | House |
| 6:16 | Construir | House |
| 6:31 | Crear | Villager (Male) |
| 7:12 | Crear | Villager (Male) |
| 7:31 | Construir | Mill |
| 7:37 | Crear | Fishing Ship |
| 8:14 | Construir | House |
| 8:25 | Crear | Fishing Ship |
| 8:46 | Construir | Farm |
| 8:51 | Construir | Farm |
| 9:01 | Construir | Farm |
| 9:04 | Crear | Villager (Male) |
| 9:21 | Construir | Farm |
| 9:27 | Crear | Fishing Ship |
| 9:48 | Investigar | Loom |
| 9:51 | Investigar | Feudal Age |
| 11:17 | Construir | House |
| 11:57 | Construir | Dock |
| 12:16 | Construir | Farm |
| 12:23 | Edad | Edad Feudal |
| 12:32 | Crear | Galley |
| 12:34 | Crear | Galley |
| 12:35 | Crear | Galley |
| 12:43 | Crear | Villager (Male) |
| 12:52 | Construir | Blacksmith |
| 13:07 | Investigar | Double-Bit Axe |
| 13:13 | Crear | Villager (Male) |
| 13:13 | Crear | Villager (Male) |
| 13:14 | Crear | Villager (Male) |
| 13:53 | Crear | Galley |
| 13:54 | Crear | Galley |
| 14:01 | Crear | Villager (Male) |
| 14:36 | Investigar | Fletching |
| 15:38 | Construir | Watch Tower |
| 16:39 | Crear | Galley |
| 16:40 | Crear | Galley |
| 16:40 | Crear | Galley |
| 16:52 | Crear | Villager (Male) |
| 17:01 | Construir | Market |
| 18:06 | Construir | Mule Cart |
| 18:13 | Investigar | Castle Age |
| 18:56 | Construir | House |
| 19:24 | Construir | House |
| 20:24 | Construir | Barracks |
| 20:47 | Construir | Watch Tower |
| 20:53 | Edad | Edad de los Castillos |
| 20:56 | Investigar | Bodkin Arrow |
| 21:29 | Construir | Archery Range |
| 22:13 | Crear | Cavalry Archer |
| 23:14 | Crear | Monk |
| 24:00 | Crear | Cavalry Archer |
| 25:46 | Investigar | Wheelbarrow |
| 25:47 | Crear | Villager (Male) |
| 25:47 | Crear | Villager (Male) |
| 25:47 | Crear | Villager (Male) |
| 25:48 | Crear | Villager (Male) |
| 25:48 | Crear | Villager (Male) |
| 25:49 | Crear | Villager (Male) |
| 25:49 | Crear | Villager (Male) |
| 26:18 | Construir | House |
| 26:20 | Construir | House |
| 26:21 | Construir | House |
| 26:21 | Construir | House |
| 26:24 | Construir | House |
| 26:25 | Construir | House |
| 27:13 | Crear | Villager (Male) |
| 27:14 | Crear | Villager (Male) |
| 27:15 | Crear | Villager (Male) |
| 27:15 | Crear | Villager (Male) |
| 27:32 | Construir | Farm |
| 27:39 | Construir | Farm |
| 28:30 | Construir | Mule Cart |
| 29:14 | Construir | Market |
| 29:29 | Crear | Villager (Male) |
| 29:29 | Crear | Villager (Male) |
| 29:30 | Crear | Villager (Male) |
| 29:33 | Investigar | Hand Cart |
| 30:00 | Construir | Mule Cart |
| 30:08 | Construir | House |
| 30:12 | Construir | House |
| 30:13 | Construir | House |
| 30:14 | Construir | House |
| 30:16 | Construir | House |
| 30:21 | Construir | House |
| 30:23 | Construir | House |
| 30:24 | Construir | House |
| 30:24 | Construir | House |
| 30:24 | Construir | House |
| 30:48 | Investigar | Bow Saw |
| 32:05 | Crear | Cavalry Archer |
| 32:06 | Crear | Cavalry Archer |
| 32:06 | Crear | Cavalry Archer |
| 32:07 | Crear | Cavalry Archer |
| 32:32 | Construir | Stable |
| 32:57 | Crear | Monk |
| 35:22 | Construir | Town Center |
| 35:59 | Crear | Cavalry Archer |
| 36:00 | Crear | Cavalry Archer |
| 36:00 | Crear | Cavalry Archer |
| 36:00 | Crear | Cavalry Archer |
| 36:01 | Crear | Cavalry Archer |
| 38:51 | Crear | Villager (Male) ×5 |
| 38:52 | Crear | Villager (Male) ×5 |
| 38:52 | Crear | Villager (Male) ×5 |
| 38:52 | Crear | Villager (Male) ×5 |
| 39:22 | Construir | Stable |
| 39:27 | Construir | Stable |
| 39:33 | Construir | Mill |
| 40:30 | Investigar | Bloodlines |
| 40:31 | Investigar | Husbandry |
| 40:34 | Investigar | Light Cavalry (upgrade) |
| 40:44 | Crear | Villager (Male) ×4 |
| 41:42 | Crear | Knight |
| 41:42 | Crear | Knight |
| 41:48 | Crear | Knight |
| 41:53 | Crear | Knight |
| 42:11 | Crear | Villager (Male) |
| 42:11 | Crear | Villager (Male) |
| 42:12 | Crear | Villager (Male) |
| 42:34 | Construir | Farm |
| 42:36 | Construir | Farm |
| 43:13 | Crear | Transport Ship |
| 43:22 | Construir | Farm |
| 43:25 | Construir | Farm |
| 43:29 | Construir | Farm |
| 43:33 | Crear | Knight |
Build order — rapazz
Primeras 150 de 214 acciones detectadas
| 2:19 | Construir | Town Center |
| 3:20 | Crear | Villager (Male) |
| 3:20 | Crear | Villager (Male) |
| 3:20 | Crear | Villager (Male) |
| 3:21 | Crear | Villager (Male) |
| 3:27 | Construir | House |
| 3:28 | Construir | House |
| 3:37 | Investigar | Loom |
| 3:37 | Crear | Villager (Male) |
| 3:37 | Crear | Villager (Male) |
| 3:38 | Crear | Villager (Male) |
| 3:38 | Crear | Villager (Male) |
| 3:38 | Crear | Villager (Male) |
| 4:09 | Construir | House |
| 4:11 | Construir | House |
| 4:17 | Crear | Villager (Male) |
| 4:42 | Construir | Mill |
| 5:00 | Crear | Villager (Male) |
| 5:01 | Crear | Villager (Male) |
| 5:41 | Crear | Villager (Male) |
| 5:42 | Crear | Villager (Male) |
| 5:57 | Construir | Lumber Camp |
| 7:14 | Crear | Villager (Male) |
| 7:15 | Crear | Villager (Male) |
| 7:15 | Crear | Villager (Male) |
| 7:15 | Crear | Villager (Male) |
| 7:15 | Crear | Villager (Male) |
| 7:16 | Crear | Villager (Male) |
| 7:31 | Construir | Barracks |
| 7:54 | Crear | Villager (Male) |
| 7:54 | Crear | Villager (Male) |
| 7:54 | Crear | Villager (Male) |
| 8:18 | Crear | Militia |
| 8:18 | Crear | Militia |
| 8:29 | Construir | Farm |
| 8:34 | Construir | Farm |
| 9:00 | Construir | Farm |
| 9:06 | Construir | Farm |
| 9:28 | Crear | Militia |
| 9:36 | Construir | Farm |
| 10:52 | Crear | Villager (Male) |
| 10:53 | Crear | Villager (Male) |
| 11:16 | Construir | Farm |
| 11:20 | Construir | Farm |
| 11:29 | Crear | Militia |
| 11:30 | Crear | Militia |
| 11:38 | Construir | House |
| 11:39 | Construir | House |
| 11:40 | Construir | House |
| 11:40 | Construir | House |
| 11:49 | Construir | Farm |
| 12:28 | Investigar | Feudal Age |
| 12:45 | Crear | Militia |
| 12:50 | Crear | Villager (Male) |
| 13:00 | Construir | Mining Camp |
| 14:06 | Crear | Militia |
| 14:38 | Edad | Edad Feudal |
| 14:44 | Investigar | Arson |
| 14:46 | Investigar | Man-at-Arms (upgrade) |
| 14:57 | Construir | Mining Camp |
| 16:31 | Construir | Farm |
| 17:09 | Crear | Militia |
| 17:09 | Crear | Militia |
| 17:09 | Crear | Militia |
| 17:09 | Crear | Militia |
| 17:10 | Crear | Militia |
| 17:18 | Construir | Farm |
| 17:21 | Crear | Villager (Male) |
| 17:21 | Crear | Villager (Male) |
| 17:21 | Crear | Villager (Male) |
| 17:21 | Crear | Villager (Male) |
| 17:22 | Crear | Villager (Male) |
| 17:22 | Crear | Villager (Male) |
| 17:54 | Construir | Mill |
| 17:57 | Construir | Farm |
| 18:04 | Crear | Militia |
| 18:24 | Crear | Militia |
| 18:49 | Construir | Blacksmith |
| 18:57 | Construir | Farm |
| 19:14 | Construir | Farm |
| 19:32 | Construir | Mill |
| 19:37 | Construir | Farm |
| 20:30 | Crear | Villager (Male) |
| 20:31 | Crear | Villager (Male) |
| 20:31 | Crear | Villager (Male) |
| 20:31 | Crear | Villager (Male) |
| 20:41 | Construir | Farm |
| 20:48 | Crear | Villager (Male) |
| 21:52 | Construir | Mining Camp |
| 22:51 | Construir | Farm |
| 23:13 | Construir | Barracks |
| 24:09 | Crear | Militia |
| 24:09 | Crear | Militia |
| 24:38 | Construir | Watch Tower |
| 29:03 | Construir | Lumber Camp |
| 31:20 | Investigar | Double-Bit Axe |
| 31:50 | Construir | Town Center |
| 33:10 | Crear | Villager (Male) |
| 33:11 | Crear | Villager (Male) |
| 33:11 | Crear | Villager (Male) |
| 33:11 | Crear | Villager (Male) |
| 33:12 | Crear | Villager (Male) |
| 33:12 | Crear | Villager (Male) |
| 33:12 | Crear | Villager (Male) |
| 33:12 | Crear | Villager (Male) |
| 33:17 | Construir | Farm |
| 33:24 | Construir | Farm |
| 33:46 | Construir | Farm |
| 34:04 | Construir | Farm |
| 34:11 | Crear | Villager (Male) |
| 34:21 | Construir | House |
| 34:22 | Construir | House |
| 34:23 | Construir | House |
| 34:25 | Construir | House |
| 34:26 | Construir | House |
| 34:27 | Construir | House |
| 34:30 | Construir | Farm |
| 35:14 | Crear | Villager (Male) |
| 35:20 | Construir | Farm |
| 35:45 | Construir | Farm |
| 35:57 | Construir | House |
| 35:58 | Construir | House |
| 36:15 | Crear | Villager (Male) |
| 37:34 | Crear | Villager (Male) |
| 37:34 | Crear | Villager (Male) |
| 37:35 | Crear | Villager (Male) |
| 37:42 | Construir | Farm |
| 38:05 | Construir | Farm |
| 38:48 | Construir | Market |
| 39:16 | Construir | Blacksmith |
| 39:42 | Crear | Villager (Male) |
| 39:42 | Crear | Villager (Male) |
| 40:06 | Construir | Farm |
| 40:18 | Construir | Mill |
| 40:23 | Construir | Farm |
| 40:34 | Construir | Farm |
| 40:54 | Investigar | Castle Age |
| 40:56 | Crear | Villager (Male) |
| 40:56 | Crear | Villager (Male) |
| 40:56 | Crear | Villager (Male) |
| 40:56 | Crear | Villager (Male) |
| 40:57 | Crear | Villager (Male) |
| 40:57 | Crear | Villager (Male) |
| 40:57 | Crear | Villager (Male) |
| 40:57 | Crear | Villager (Male) |
| 43:34 | Edad | Edad de los Castillos |
| 44:44 | Construir | Barracks |
| 44:59 | Construir | Town Center |
| 45:44 | Investigar | Bow Saw |
| 46:20 | Construir | University |
Build order — TreePac ツ
Primeras 150 de 157 acciones detectadas
| 3:02 | Construir | Town Center |
| 4:12 | Crear | Villager (Male) |
| 4:12 | Crear | Villager (Male) |
| 4:13 | Crear | Villager (Male) |
| 4:14 | Crear | Villager (Male) |
| 4:23 | Construir | House |
| 4:31 | Construir | House |
| 6:02 | Construir | House |
| 6:04 | Construir | House |
| 6:05 | Construir | House |
| 6:10 | Construir | House |
| 6:20 | Crear | Villager (Male) |
| 6:20 | Crear | Villager (Male) |
| 7:30 | Crear | Villager (Male) |
| 7:30 | Crear | Villager (Male) |
| 7:56 | Construir | Dock |
| 8:07 | Crear | Villager (Male) |
| 8:44 | Crear | Villager (Male) |
| 8:47 | Crear | Villager (Male) |
| 9:20 | Construir | Mill |
| 9:34 | Crear | Villager (Male) |
| 10:02 | Crear | Villager (Male) |
| 10:11 | Crear | Villager (Male) |
| 10:14 | Crear | Fishing Ship |
| 10:16 | Crear | Fishing Ship |
| 10:25 | Crear | Fishing Ship |
| 10:52 | Investigar | Feudal Age |
| 11:37 | Crear | Fishing Ship |
| 11:50 | Crear | Fishing Ship |
| 11:52 | Crear | Fishing Ship |
| 11:55 | Crear | Villager (Male) |
| 12:00 | Crear | Villager (Male) |
| 12:35 | Construir | Outpost |
| 12:40 | Construir | House |
| 12:46 | Construir | House |
| 12:53 | Construir | Palisade Wall |
| 13:02 | Edad | Edad Feudal |
| 13:09 | Construir | Watch Tower |
| 13:14 | Construir | House |
| 13:16 | Construir | House |
| 13:48 | Construir | Watch Tower |
| 13:57 | Construir | House |
| 14:15 | Construir | Watch Tower |
| 14:44 | Crear | Villager (Male) |
| 14:45 | Crear | Villager (Male) |
| 15:16 | Construir | Barracks |
| 15:26 | Construir | Watch Tower |
| 15:33 | Construir | Stone Wall |
| 15:35 | Construir | Stone Wall |
| 15:54 | Construir | Watch Tower |
| 16:17 | Investigar | Loom |
| 16:17 | Crear | Villager (Male) |
| 16:18 | Crear | Villager (Male) |
| 16:33 | Crear | Villager (Male) |
| 16:39 | Crear | Villager (Male) |
| 17:59 | Crear | Villager (Male) |
| 18:01 | Crear | Villager (Male) |
| 19:00 | Construir | Watch Tower |
| 19:08 | Construir | Blacksmith |
| 19:11 | Crear | Villager (Male) |
| 19:38 | Construir | Watch Tower |
| 19:45 | Construir | Stone Wall |
| 19:47 | Construir | Stone Wall |
| 19:55 | Construir | House |
| 20:02 | Construir | House |
| 20:24 | Crear | Villager (Male) |
| 21:07 | Construir | Market |
| 21:38 | Investigar | Fletching |
| 22:15 | Investigar | Castle Age |
| 22:40 | Construir | Watch Tower |
| 23:08 | Construir | Gate |
| 23:15 | Construir | House |
| 23:27 | Construir | Palisade Wall |
| 23:52 | Construir | Watch Tower |
| 24:03 | Construir | Stone Wall |
| 24:52 | Construir | Mining Camp |
| 24:55 | Edad | Edad de los Castillos |
| 25:05 | Construir | Watch Tower |
| 25:34 | Crear | Villager (Male) |
| 25:35 | Crear | Villager (Male) |
| 25:38 | Crear | Villager (Male) |
| 25:48 | Construir | Stone Wall |
| 26:34 | Crear | Villager (Male) |
| 26:47 | Crear | Villager (Male) |
| 26:50 | Crear | Villager (Male) |
| 27:13 | Construir | Mining Camp |
| 27:30 | Construir | Barracks |
| 27:51 | Construir | Stone Wall |
| 27:52 | Construir | Stone Wall |
| 27:55 | Construir | Stone Wall |
| 27:56 | Construir | Stone Wall |
| 27:57 | Construir | Stone Wall |
| 28:00 | Construir | Stone Wall |
| 28:04 | Construir | Stone Wall |
| 28:12 | Crear | Spearman |
| 28:13 | Crear | Spearman |
| 28:55 | Crear | Villager (Male) |
| 29:27 | Construir | Town Center |
| 29:34 | Crear | Villager (Male) |
| 29:35 | Crear | Villager (Male) |
| 29:53 | Construir | Stone Wall |
| 30:12 | Crear | Spearman |
| 30:21 | Construir | Watch Tower |
| 31:15 | Crear | Monk |
| 31:40 | Crear | Villager (Male) |
| 31:41 | Crear | Villager (Male) |
| 31:43 | Crear | Villager (Male) |
| 32:27 | Construir | Stone Wall |
| 32:35 | Construir | Castle |
| 32:42 | Crear | Villager (Male) |
| 32:43 | Crear | Villager (Male) |
| 32:52 | Crear | Villager (Male) |
| 34:53 | Construir | Town Center |
| 35:27 | Crear | Villager (Male) |
| 35:28 | Crear | Villager (Male) |
| 35:28 | Crear | Villager (Male) |
| 35:32 | Construir | Mining Camp |
| 35:35 | Crear | Villager (Male) |
| 37:28 | Crear | Fire Galley |
| 38:29 | Crear | Villager (Male) |
| 38:31 | Crear | Villager (Male) |
| 38:54 | Crear | Villager (Male) |
| 38:57 | Crear | Villager (Male) |
| 38:58 | Crear | Villager (Male) |
| 39:20 | Construir | Castle |
| 39:25 | Crear | Villager (Male) |
| 39:25 | Crear | Villager (Male) |
| 39:43 | Construir | House |
| 39:45 | Construir | House |
| 39:50 | Construir | House |
| 40:13 | Construir | Palisade Wall |
| 40:53 | Construir | Barracks |
| 40:54 | Construir | Barracks |
| 40:57 | Crear | Villager (Male) |
| 40:58 | Crear | Villager (Male) |
| 41:00 | Crear | Villager (Male) |
| 41:57 | Crear | Spearman |
| 41:57 | Crear | Spearman |
| 42:28 | Construir | Mill |
| 42:47 | Crear | Spearman |
| 42:49 | Crear | Spearman |
| 42:52 | Investigar | Pikeman (upgrade) |
| 42:55 | Crear | Villager (Male) |
| 43:04 | Construir | Farm |
| 43:09 | Construir | Farm |
| 44:39 | Crear | Spearman |
| 44:39 | Crear | Spearman |
| 44:39 | Crear | Spearman |
| 44:39 | Crear | Spearman |
| 45:38 | Crear | Spearman |
Build order — bacon
Primeras 150 de 415 acciones detectadas
| 1:01 | Construir | House |
| 1:03 | Construir | House |
| 1:05 | Construir | House |
| 4:50 | Construir | Town Center |
| 5:49 | Crear | Villager (Male) |
| 5:50 | Crear | Villager (Male) |
| 5:50 | Crear | Villager (Male) |
| 5:50 | Crear | Villager (Male) |
| 6:41 | Investigar | Loom |
| 7:56 | Construir | Mill |
| 8:09 | Crear | Villager (Male) |
| 8:40 | Investigar | Feudal Age |
| 10:00 | Crear | Villager (Male) |
| 10:01 | Crear | Villager (Male) |
| 10:01 | Crear | Villager (Male) |
| 10:01 | Crear | Villager (Male) |
| 10:40 | Construir | Dock |
| 10:50 | Edad | Edad Feudal |
| 11:00 | Investigar | Double-Bit Axe |
| 11:22 | Investigar | Tech 906 |
| 11:24 | Crear | Fishing Ship |
| 12:00 | Crear | Villager (Male) |
| 12:06 | Crear | Villager (Male) |
| 12:23 | Crear | Fishing Ship |
| 12:23 | Crear | Fishing Ship |
| 12:41 | Construir | House |
| 12:43 | Construir | House |
| 12:57 | Crear | Villager (Male) |
| 12:57 | Crear | Villager (Male) |
| 13:21 | Construir | Dock |
| 13:45 | Crear | Fishing Ship |
| 14:08 | Crear | Villager (Male) |
| 14:14 | Crear | Fishing Ship |
| 14:20 | Crear | Fishing Ship |
| 14:29 | Crear | Fishing Ship |
| 14:35 | Crear | Villager (Male) |
| 14:35 | Crear | Villager (Male) |
| 14:44 | Crear | Fishing Ship |
| 15:15 | Construir | House |
| 15:19 | Construir | House |
| 15:27 | Construir | Blacksmith |
| 15:32 | Crear | Villager (Male) |
| 15:32 | Crear | Villager (Male) |
| 15:48 | Crear | Fishing Ship |
| 15:48 | Crear | Fishing Ship |
| 16:01 | Crear | Villager (Male) |
| 16:02 | Crear | Villager (Male) |
| 16:23 | Construir | Barracks |
| 16:44 | Construir | Mining Camp |
| 17:21 | Construir | Archery Range |
| 17:29 | Construir | Stable |
| 17:59 | Investigar | Castle Age |
| 18:02 | Investigar | Fletching |
| 18:08 | Investigar | Stone Mining |
| 18:34 | Construir | Watch Tower |
| 18:59 | Investigar | Padded Archer Armor |
| 18:59 | Investigar | Forging |
| 19:06 | Crear | Fishing Ship |
| 19:06 | Crear | Fishing Ship |
| 19:06 | Crear | Fishing Ship |
| 19:07 | Crear | Fishing Ship |
| 19:07 | Crear | Fishing Ship |
| 19:07 | Crear | Fishing Ship |
| 19:12 | Construir | House |
| 19:22 | Construir | House |
| 19:23 | Construir | House |
| 19:24 | Construir | House |
| 19:25 | Construir | House |
| 19:30 | Construir | Lumber Camp |
| 20:24 | Investigar | Scale Mail Armor |
| 20:28 | Investigar | Man-at-Arms (upgrade) |
| 20:29 | Investigar | Arson |
| 20:39 | Edad | Edad de los Castillos |
| 20:45 | Crear | Villager (Male) |
| 20:46 | Crear | Villager (Male) |
| 20:46 | Crear | Villager (Male) |
| 20:53 | Construir | Lumber Camp |
| 21:12 | Investigar | Bow Saw |
| 21:22 | Crear | Scout Cavalry |
| 21:36 | Construir | Lumber Camp |
| 21:58 | Crear | Fishing Ship |
| 21:58 | Crear | Fishing Ship |
| 21:58 | Crear | Fishing Ship |
| 21:59 | Crear | Fishing Ship |
| 21:59 | Crear | Fishing Ship |
| 21:59 | Crear | Fishing Ship |
| 22:21 | Investigar | Gold Mining |
| 22:35 | Crear | Villager (Male) |
| 22:36 | Crear | Villager (Male) |
| 22:53 | Construir | Dock |
| 23:07 | Construir | Dock |
| 23:22 | Investigar | Gold Shaft Mining |
| 23:31 | Investigar | Town Watch |
| 23:44 | Crear | Fishing Ship |
| 23:44 | Crear | Fishing Ship |
| 23:44 | Crear | Fishing Ship |
| 23:45 | Crear | Fishing Ship |
| 23:45 | Crear | Fishing Ship |
| 23:46 | Investigar | Gillnets |
| 23:50 | Crear | Scout Cavalry |
| 25:02 | Construir | House |
| 25:03 | Construir | House |
| 25:04 | Construir | House |
| 25:06 | Construir | House |
| 25:07 | Construir | House |
| 25:08 | Construir | House |
| 25:18 | Construir | University |
| 25:25 | Construir | Market |
| 25:42 | Construir | Town Center |
| 25:51 | Investigar | Long Swordsman (upgrade) |
| 25:52 | Investigar | Gambesons |
| 25:55 | Crear | Militia |
| 25:55 | Crear | Militia |
| 25:56 | Crear | Militia |
| 25:56 | Crear | Militia |
| 25:58 | Crear | Militia |
| 25:59 | Crear | Militia |
| 26:21 | Investigar | War Galley (upgrade) |
| 26:24 | Crear | Fishing Ship |
| 26:24 | Crear | Fishing Ship |
| 26:24 | Crear | Fishing Ship |
| 26:25 | Crear | Fishing Ship |
| 26:33 | Crear | Villager (Male) |
| 26:33 | Crear | Villager (Male) |
| 26:34 | Crear | Villager (Male) |
| 26:36 | Crear | Villager (Male) |
| 26:51 | Investigar | Wheelbarrow |
| 27:00 | Construir | Fish Trap |
| 27:03 | Construir | Fish Trap |
| 27:08 | Construir | Fish Trap |
| 27:13 | Construir | Fish Trap |
| 27:16 | Construir | Fish Trap |
| 27:19 | Construir | Fish Trap |
| 27:25 | Construir | Fish Trap |
| 27:30 | Construir | Fish Trap |
| 27:34 | Construir | Fish Trap |
| 27:37 | Construir | Fish Trap |
| 27:40 | Construir | Fish Trap |
| 28:01 | Crear | Villager (Male) |
| 28:02 | Crear | Villager (Male) |
| 28:03 | Crear | Villager (Male) |
| 28:11 | Construir | Fish Trap |
| 28:15 | Construir | Fish Trap |
| 28:19 | Construir | Fish Trap |
| 28:25 | Investigar | Bodkin Arrow |
| 28:27 | Investigar | Iron Casting |
| 28:34 | Crear | Villager (Male) |
| 28:35 | Crear | Villager (Male) |
| 28:35 | Crear | Villager (Male) |
| 28:35 | Crear | Villager (Male) |
Build order — Super Kaute
Primeras 150 de 349 acciones detectadas
| 0:52 | Construir | Dock |
| 1:53 | Construir | House |
| 2:57 | Construir | Town Center |
| 3:52 | Crear | Villager (Male) |
| 4:39 | Crear | Villager (Male) |
| 4:41 | Crear | Villager (Male) |
| 4:44 | Crear | Villager (Male) |
| 5:00 | Crear | Villager (Male) |
| 5:20 | Crear | Villager (Male) |
| 5:27 | Construir | House |
| 5:31 | Crear | Villager (Male) |
| 6:25 | Crear | Villager (Male) |
| 6:27 | Crear | Villager (Male) |
| 6:46 | Crear | Fishing Ship |
| 6:47 | Crear | Fishing Ship |
| 7:38 | Construir | House |
| 7:42 | Investigar | Loom |
| 8:21 | Construir | Mill |
| 8:27 | Crear | Villager (Male) |
| 8:29 | Crear | Villager (Male) |
| 8:37 | Crear | Fishing Ship |
| 8:37 | Crear | Fishing Ship |
| 8:38 | Crear | Fishing Ship |
| 8:38 | Crear | Fishing Ship |
| 8:39 | Crear | Fishing Ship |
| 8:40 | Crear | Fishing Ship |
| 8:55 | Construir | Farm |
| 8:58 | Construir | Farm |
| 9:44 | Construir | Mill |
| 9:51 | Crear | Villager (Male) |
| 10:00 | Construir | House |
| 10:05 | Construir | Farm |
| 10:08 | Construir | Farm |
| 10:19 | Crear | Fishing Ship |
| 10:39 | Construir | House |
| 10:45 | Crear | Villager (Male) |
| 10:52 | Construir | House |
| 11:07 | Construir | Farm |
| 11:11 | Construir | Farm |
| 11:19 | Construir | House |
| 11:41 | Construir | Farm |
| 11:42 | Construir | Farm |
| 11:45 | Crear | Villager (Male) |
| 11:53 | Crear | Villager (Male) |
| 12:04 | Construir | Farm |
| 12:12 | Crear | Villager (Male) |
| 12:29 | Crear | Villager (Male) |
| 12:33 | Investigar | Feudal Age |
| 12:55 | Crear | Villager (Male) |
| 13:49 | Construir | Mining Camp |
| 14:15 | Crear | Villager (Male) |
| 14:17 | Crear | Villager (Male) |
| 14:35 | Construir | Farm |
| 14:43 | Construir | Barracks |
| 14:49 | Crear | Villager (Male) |
| 14:49 | Crear | Villager (Male) |
| 15:10 | Edad | Edad Feudal |
| 15:32 | Construir | Watch Tower |
| 15:43 | Investigar | Man-at-Arms (upgrade) |
| 16:20 | Crear | Villager (Male) |
| 16:34 | Crear | Villager (Male) |
| 16:49 | Crear | Villager (Male) |
| 17:46 | Crear | Villager (Male) |
| 17:52 | Construir | House |
| 17:54 | Construir | House |
| 18:02 | Crear | Villager (Male) |
| 18:20 | Crear | Villager (Male) |
| 18:36 | Crear | Villager (Male) |
| 18:37 | Crear | Villager (Male) |
| 18:50 | Construir | Lumber Camp |
| 18:55 | Crear | Villager (Male) |
| 19:23 | Crear | Villager (Male) |
| 19:34 | Construir | House |
| 19:36 | Construir | House |
| 20:01 | Construir | Barracks |
| 20:07 | Construir | Farm |
| 20:32 | Construir | Farm |
| 20:35 | Construir | Farm |
| 20:38 | Construir | Farm |
| 20:48 | Crear | Villager (Male) |
| 20:48 | Crear | Villager (Male) |
| 20:50 | Crear | Villager (Male) |
| 21:15 | Crear | Villager (Male) |
| 21:17 | Crear | Villager (Male) |
| 21:41 | Construir | Market |
| 22:08 | Construir | Blacksmith |
| 22:10 | Construir | House |
| 22:12 | Crear | Villager (Male) |
| 22:13 | Crear | Villager (Male) |
| 22:32 | Investigar | Arson |
| 22:40 | Crear | Militia |
| 22:40 | Crear | Militia |
| 22:42 | Crear | Militia |
| 22:42 | Crear | Militia |
| 22:45 | Crear | Militia |
| 22:45 | Crear | Militia |
| 22:52 | Construir | House |
| 22:53 | Construir | House |
| 23:10 | Crear | Militia |
| 23:10 | Crear | Militia |
| 23:16 | Investigar | Castle Age |
| 23:30 | Investigar | Scale Mail Armor |
| 23:32 | Investigar | Forging |
| 23:36 | Crear | Militia |
| 23:36 | Crear | Militia |
| 23:41 | Crear | Militia |
| 23:43 | Crear | Militia |
| 23:54 | Construir | Watch Tower |
| 24:02 | Construir | House |
| 24:03 | Construir | House |
| 24:06 | Construir | House |
| 24:07 | Construir | House |
| 24:13 | Construir | Farm |
| 24:34 | Construir | House |
| 25:11 | Crear | Villager (Male) |
| 26:09 | Construir | House |
| 26:10 | Construir | House |
| 26:10 | Edad | Edad de los Castillos |
| 26:13 | Construir | Siege Workshop |
| 26:21 | Investigar | Chain Mail Armor |
| 26:38 | Crear | Villager (Male) |
| 26:52 | Crear | Villager (Male) |
| 26:56 | Crear | Villager (Male) |
| 26:59 | Construir | Farm |
| 27:01 | Construir | Farm |
| 27:03 | Crear | Villager (Male) |
| 27:17 | Crear | Battering Ram |
| 27:23 | Investigar | Squires |
| 27:24 | Crear | Villager (Male) |
| 27:25 | Crear | Villager (Male) |
| 27:46 | Construir | Barracks |
| 27:54 | Crear | Villager (Male) |
| 28:06 | Crear | Monk |
| 28:09 | Investigar | Double-Bit Axe |
| 28:14 | Investigar | Horse Collar |
| 28:34 | Investigar | Long Swordsman (upgrade) |
| 28:36 | Crear | Militia |
| 29:01 | Construir | Barracks |
| 29:04 | Crear | Villager (Male) |
| 29:09 | Crear | Villager (Male) |
| 29:19 | Crear | Battering Ram |
| 29:25 | Crear | Militia |
| 29:26 | Crear | Spearman |
| 29:27 | Crear | Militia |
| 29:27 | Crear | Spearman |
| 29:36 | Construir | Farm |
| 29:51 | Construir | Farm |
| 29:53 | Construir | Farm |
| 30:30 | Investigar | Pikeman (upgrade) |
| 30:31 | Crear | Spearman |
Build order — 𓆩ȺꞤȺꞦȻĦɎ𓆪
Primeras 150 de 243 acciones detectadas
| 2:56 | Construir | Town Center |
| 4:07 | Crear | Villager (Male) |
| 4:07 | Crear | Villager (Male) |
| 4:08 | Crear | Villager (Male) |
| 4:08 | Crear | Villager (Male) |
| 4:08 | Crear | Villager (Male) |
| 4:21 | Construir | House |
| 4:31 | Construir | Dock |
| 4:55 | Construir | House |
| 5:04 | Construir | House |
| 5:08 | Crear | Villager (Male) |
| 5:18 | Construir | House |
| 6:00 | Crear | Fishing Ship |
| 6:00 | Crear | Fishing Ship |
| 6:31 | Crear | Villager (Male) |
| 6:31 | Crear | Villager (Male) |
| 6:32 | Crear | Villager (Male) |
| 6:34 | Investigar | Loom |
| 6:40 | Crear | Fishing Ship |
| 6:40 | Crear | Fishing Ship |
| 6:41 | Crear | Fishing Ship |
| 7:04 | Crear | Fishing Ship |
| 7:04 | Crear | Fishing Ship |
| 7:24 | Construir | Palisade Gate |
| 7:33 | Construir | House |
| 7:56 | Construir | Mill |
| 8:14 | Crear | Fishing Ship |
| 8:14 | Crear | Fishing Ship |
| 8:32 | Construir | House |
| 8:42 | Crear | Fishing Ship |
| 8:42 | Crear | Fishing Ship |
| 8:42 | Crear | Fishing Ship |
| 8:50 | Crear | Villager (Male) |
| 8:50 | Crear | Villager (Male) |
| 8:50 | Crear | Villager (Male) |
| 9:24 | Construir | Mining Camp |
| 9:32 | Construir | House |
| 9:42 | Construir | Palisade Wall |
| 9:54 | Crear | Fishing Ship |
| 9:54 | Crear | Fishing Ship |
| 9:54 | Crear | Fishing Ship |
| 10:02 | Crear | Fishing Ship |
| 10:03 | Crear | Fishing Ship |
| 10:51 | Investigar | Feudal Age |
| 10:51 | Crear | Villager (Male) |
| 11:03 | Construir | House |
| 11:17 | Construir | Mining Camp |
| 11:29 | Crear | Fishing Ship |
| 11:29 | Crear | Fishing Ship |
| 11:29 | Crear | Fishing Ship |
| 12:09 | Construir | House |
| 12:17 | Crear | Villager (Male) |
| 12:18 | Crear | Villager (Male) |
| 12:18 | Crear | Villager (Male) |
| 12:31 | Construir | House |
| 12:43 | Construir | House |
| 13:01 | Edad | Edad Feudal |
| 13:04 | Construir | Watch Tower |
| 13:21 | Construir | Stone Wall |
| 13:35 | Construir | House |
| 13:38 | Construir | House |
| 13:45 | Construir | Blacksmith |
| 13:49 | Crear | Villager (Male) |
| 13:50 | Crear | Villager (Male) |
| 13:55 | Investigar | Wheelbarrow |
| 13:57 | Investigar | Town Watch |
| 14:11 | Construir | Lumber Camp |
| 14:22 | Construir | Watch Tower |
| 14:29 | Construir | Stone Wall |
| 14:37 | Investigar | Fletching |
| 14:40 | Investigar | Padded Archer Armor |
| 14:58 | Construir | Mining Camp |
| 15:10 | Investigar | Horse Collar |
| 15:20 | Crear | Villager (Male) |
| 15:20 | Crear | Villager (Male) |
| 15:20 | Crear | Villager (Male) |
| 15:21 | Crear | Villager (Male) |
| 15:21 | Crear | Villager (Male) |
| 15:42 | Construir | Stone Wall |
| 16:29 | Crear | Villager (Male) |
| 16:29 | Crear | Villager (Male) |
| 16:29 | Crear | Villager (Male) |
| 16:30 | Investigar | Double-Bit Axe |
| 16:30 | Investigar | Double-Bit Axe |
| 16:45 | Construir | Barracks |
| 17:54 | Construir | Stone Wall |
| 19:38 | Crear | Villager (Male) ×5 |
| 19:38 | Crear | Villager (Male) ×5 |
| 19:38 | Crear | Villager (Male) ×5 |
| 19:39 | Crear | Villager (Male) ×3 |
| 20:34 | Construir | House |
| 20:34 | Construir | House |
| 20:34 | Construir | House |
| 20:35 | Construir | House |
| 20:35 | Construir | House |
| 20:35 | Construir | House |
| 20:36 | Construir | House |
| 20:37 | Construir | House |
| 20:39 | Construir | House |
| 20:39 | Construir | House |
| 20:40 | Construir | House |
| 20:40 | Construir | House |
| 20:40 | Construir | House |
| 20:41 | Construir | House |
| 20:41 | Construir | House |
| 20:41 | Construir | House |
| 20:41 | Construir | House |
| 22:22 | Construir | Mining Camp |
| 22:46 | Construir | Mining Camp |
| 23:05 | Construir | Lumber Camp |
| 24:52 | Construir | House |
| 24:53 | Construir | House |
| 24:54 | Construir | House |
| 24:55 | Construir | House |
| 24:56 | Construir | House |
| 26:04 | Construir | Town Center |
| 26:57 | Investigar | Stone Mining |
| 26:58 | Investigar | Gold Mining |
| 27:16 | Construir | Archery Range |
| 27:23 | Construir | Barracks |
| 27:43 | Construir | Market |
| 27:53 | Crear | Villager (Male) |
| 27:53 | Crear | Villager (Male) |
| 27:53 | Crear | Villager (Male) |
| 27:53 | Crear | Villager (Male) |
| 27:54 | Crear | Villager (Male) |
| 27:54 | Crear | Villager (Male) |
| 27:54 | Crear | Villager (Male) |
| 27:54 | Crear | Villager (Male) |
| 27:55 | Crear | Villager (Male) |
| 27:55 | Crear | Villager (Male) |
| 27:55 | Crear | Villager (Male) |
| 27:56 | Crear | Villager (Male) |
| 27:56 | Crear | Villager (Male) |
| 27:56 | Crear | Villager (Male) |
| 29:06 | Construir | Farm |
| 29:43 | Construir | Stone Wall |
| 29:59 | Investigar | Castle Age |
| 31:15 | Construir | Stone Wall |
| 31:22 | Construir | Stone Wall |
| 31:33 | Construir | Gate |
| 32:22 | Crear | Spearman |
| 32:23 | Crear | Spearman |
| 32:23 | Crear | Spearman |
| 32:23 | Crear | Spearman |
| 32:23 | Crear | Spearman |
| 32:24 | Crear | Spearman |
| 32:24 | Crear | Spearman |
| 32:39 | Edad | Edad de los Castillos |
| 33:10 | Investigar | Hand Cart |
Build order — ken091617
Primeras 150 de 206 acciones detectadas
| 0:09 | Construir | House |
| 1:31 | Construir | Town Center |
| 1:50 | Construir | Dock |
| 2:22 | Construir | House |
| 2:39 | Crear | Villager (Male) |
| 2:40 | Crear | Villager (Male) |
| 2:40 | Crear | Villager (Male) |
| 2:40 | Crear | Villager (Male) |
| 2:58 | Crear | Fishing Ship |
| 3:48 | Crear | Fishing Ship |
| 4:03 | Crear | Villager (Male) |
| 4:23 | Construir | House |
| 4:40 | Crear | Fishing Ship |
| 4:48 | Construir | House |
| 5:29 | Construir | House |
| 5:33 | Crear | Fishing Ship |
| 5:48 | Crear | Villager (Male) |
| 5:48 | Crear | Villager (Male) |
| 5:48 | Crear | Villager (Male) |
| 6:17 | Construir | Lumber Camp |
| 6:29 | Construir | Barracks |
| 7:04 | Construir | Mining Camp |
| 7:15 | Construir | House |
| 7:31 | Investigar | Loom |
| 7:36 | Crear | Fishing Ship |
| 8:02 | Construir | Lumber Camp |
| 8:26 | Investigar | Feudal Age |
| 8:48 | Construir | Mill |
| 9:05 | Crear | Fishing Ship |
| 10:36 | Edad | Edad Feudal |
| 10:47 | Construir | Watch Tower |
| 11:15 | Construir | Palisade Wall |
| 11:23 | Construir | Palisade Wall |
| 11:41 | Construir | Stable |
| 12:17 | Construir | Market |
| 13:12 | Investigar | Castle Age |
| 13:37 | Construir | House |
| 13:40 | Construir | House |
| 13:48 | Investigar | Bloodlines |
| 13:58 | Investigar | Double-Bit Axe |
| 15:07 | Crear | Villager (Male) |
| 15:07 | Crear | Villager (Male) |
| 15:23 | Construir | Blacksmith |
| 15:51 | Edad | Edad de los Castillos |
| 15:57 | Crear | Knight |
| 15:57 | Crear | Knight |
| 15:57 | Crear | Knight |
| 16:38 | Construir | Farm |
| 16:43 | Construir | Farm |
| 16:51 | Construir | Farm |
| 16:59 | Investigar | Horse Collar |
| 17:18 | Crear | Knight |
| 18:07 | Crear | Villager (Male) |
| 18:07 | Crear | Villager (Male) |
| 18:35 | Construir | Siege Workshop |
| 19:13 | Crear | Villager (Male) |
| 19:13 | Crear | Villager (Male) |
| 19:16 | Construir | Farm |
| 19:20 | Construir | Farm |
| 19:21 | Construir | Farm |
| 19:26 | Crear | Battering Ram |
| 20:19 | Crear | Battering Ram |
| 20:30 | Crear | Knight |
| 20:37 | Investigar | Forging |
| 21:06 | Construir | Farm |
| 21:08 | Construir | Farm |
| 22:36 | Construir | House |
| 22:38 | Construir | House |
| 22:43 | Investigar | Heavy Plow |
| 23:04 | Crear | Spearman |
| 23:04 | Crear | Spearman |
| 23:05 | Crear | Spearman |
| 23:05 | Crear | Spearman |
| 25:16 | Investigar | Wheelbarrow |
| 25:37 | Construir | Town Center |
| 26:40 | Crear | Knight |
| 26:40 | Crear | Knight |
| 26:40 | Crear | Knight |
| 26:41 | Crear | Knight |
| 26:41 | Crear | Knight |
| 26:59 | Construir | House |
| 27:13 | Construir | Mining Camp |
| 27:18 | Investigar | Stone Mining |
| 27:19 | Investigar | Gold Mining |
| 27:26 | Crear | Fishing Ship |
| 27:26 | Crear | Fishing Ship |
| 27:46 | Crear | Villager (Male) |
| 27:46 | Crear | Villager (Male) |
| 27:46 | Crear | Villager (Male) |
| 27:47 | Crear | Villager (Male) |
| 27:47 | Crear | Villager (Male) |
| 28:29 | Investigar | Pikeman (upgrade) |
| 29:11 | Crear | Villager (Male) |
| 30:01 | Investigar | Imperial Age |
| 30:13 | Construir | House |
| 30:20 | Investigar | Scale Barding Armor |
| 30:27 | Crear | Villager (Male) |
| 30:27 | Crear | Villager (Male) |
| 30:27 | Crear | Villager (Male) |
| 31:00 | Crear | Villager (Male) |
| 31:01 | Crear | Villager (Male) |
| 31:01 | Crear | Villager (Male) |
| 31:12 | Crear | Spearman |
| 31:12 | Crear | Spearman |
| 31:29 | Construir | Farm |
| 32:38 | Construir | Castle |
| 32:42 | Investigar | Hand Cart |
| 32:51 | Crear | Villager (Male) |
| 32:51 | Crear | Villager (Male) |
| 32:52 | Crear | Villager (Male) |
| 33:11 | Edad | Edad Imperial |
| 34:26 | Construir | Farm |
| 34:28 | Construir | Farm |
| 34:30 | Construir | Farm |
| 34:36 | Crear | Trebuchet (Packed) |
| 34:40 | Crear | Trebuchet (Packed) |
| 35:02 | Investigar | Cavalier (upgrade) |
| 36:32 | Crear | Spearman |
| 36:33 | Crear | Spearman |
| 36:33 | Crear | Spearman |
| 36:33 | Crear | Spearman |
| 36:39 | Investigar | Scale Mail Armor |
| 37:49 | Construir | Lumber Camp |
| 38:01 | Crear | Knight |
| 38:01 | Crear | Knight |
| 38:02 | Crear | Knight |
| 38:33 | Crear | Spearman |
| 38:34 | Crear | Spearman |
| 38:34 | Crear | Spearman |
| 38:49 | Investigar | Iron Casting |
| 39:24 | Construir | Mining Camp |
| 39:27 | Crear | Villager (Male) |
| 39:27 | Crear | Villager (Male) |
| 39:27 | Crear | Villager (Male) |
| 39:27 | Crear | Villager (Male) |
| 39:28 | Crear | Villager (Male) |
| 39:47 | Investigar | Conscription |
| 39:54 | Crear | Villager (Male) |
| 39:55 | Crear | Villager (Male) |
| 39:55 | Crear | Villager (Male) |
| 39:55 | Crear | Villager (Male) |
| 40:45 | Construir | Stable |
| 41:10 | Crear | Spearman |
| 41:11 | Crear | Spearman |
| 41:11 | Crear | Spearman |
| 41:11 | Crear | Spearman |
| 41:58 | Crear | Trebuchet (Packed) |
| 42:57 | Construir | Castle |
| 43:13 | Investigar | Chain Mail Armor |
| 44:33 | Crear | Villager (Male) |
Cronología de la partida
| 0:35 | alabataille · first_building Dock |
| 0:52 | Super Kaute · first_building Dock |
| 1:50 | ken091617 · first_building Dock |
| 3:03 | Kabun · first_building Barracks |
| 4:31 | 𓆩ȺꞤȺꞦȻĦɎ𓆪 · first_building Dock |
| 4:43 | alabataille · wall_segment Palisade Wall x4 |
| 6:29 | ken091617 · first_building Barracks |
| 7:31 | rapazz · first_building Barracks |
| 7:55 | Kabun · first_building Dock |
| 7:56 | TreePac ツ · first_building Dock |
| 9:42 | 𓆩ȺꞤȺꞦȻĦɎ𓆪 · wall_segment Palisade Wall x3 |
| 10:10 | Kabun · wall_segment Palisade Wall x2 |
| 10:36 | ken091617 · age_up feudal |
| 10:40 | bacon · first_building Dock |
| 10:50 | bacon · age_up feudal |
| 11:15 | ken091617 · wall_segment Palisade Wall x1 |
| 11:23 | ken091617 · wall_segment Palisade Wall x1 |
| 11:41 | ken091617 · first_building Stable |
| 11:50 | Kabun · wall_segment Palisade Wall x9 |
| 12:23 | alabataille · age_up feudal |
| 12:53 | TreePac ツ · wall_segment Palisade Wall x3 |
| 13:01 | 𓆩ȺꞤȺꞦȻĦɎ𓆪 · age_up feudal |
| 13:02 | TreePac ツ · age_up feudal |
| 13:21 | 𓆩ȺꞤȺꞦȻĦɎ𓆪 · wall_segment Stone Wall x6 |
| 14:29 | 𓆩ȺꞤȺꞦȻĦɎ𓆪 · wall_segment Stone Wall x4 |
| 14:38 | rapazz · age_up feudal |
| 14:43 | Super Kaute · first_building Barracks |
| 15:10 | Super Kaute · age_up feudal |
| 15:16 | TreePac ツ · first_building Barracks |
| 15:33 | TreePac ツ · wall_segment Stone Wall x1 |
| 15:35 | TreePac ツ · wall_segment Stone Wall x1 |
| 15:42 | 𓆩ȺꞤȺꞦȻĦɎ𓆪 · wall_segment Stone Wall x2 |
| 15:51 | ken091617 · age_up castle |
| 16:22 | Kabun · age_up feudal |
| 16:23 | bacon · first_building Barracks |
| 16:45 | 𓆩ȺꞤȺꞦȻĦɎ𓆪 · first_building Barracks |
| 16:48 | Kabun · first_building Stable |
| 17:21 | bacon · first_building Archery Range |
| 17:29 | bacon · first_building Stable |
| 17:54 | 𓆩ȺꞤȺꞦȻĦɎ𓆪 · wall_segment Stone Wall x6 |
| 18:35 | ken091617 · first_building Siege Workshop |
| 19:45 | TreePac ツ · wall_segment Stone Wall x1 |
| 19:47 | TreePac ツ · wall_segment Stone Wall x1 |
| 20:24 | alabataille · first_building Barracks |
| 20:39 | bacon · age_up castle |
| 20:53 | alabataille · age_up castle |
| 21:29 | alabataille · first_building Archery Range |
| 22:03 | TreePac ツ · first_market_sell 100 wood |
| 23:06 | alabataille · first_market_sell 100 food |
| 23:16 | Kabun · wall_segment Stone Wall x6 |
| 23:27 | TreePac ツ · wall_segment Palisade Wall x1 |
| 23:31 | Kabun · age_up castle |
| 23:37 | Kabun · first_building Castle |
| 24:03 | TreePac ツ · wall_segment Stone Wall x6 |
| 24:55 | TreePac ツ · age_up castle |
| 25:28 | ken091617 · first_market_buy 100 stone |
| 25:48 | TreePac ツ · wall_segment Stone Wall x13 |
| 26:10 | Super Kaute · age_up castle |
| 26:13 | Super Kaute · first_building Siege Workshop |
| 27:16 | 𓆩ȺꞤȺꞦȻĦɎ𓆪 · first_building Archery Range |
| 27:51 | TreePac ツ · wall_segment Stone Wall x1 |
| 27:52 | TreePac ツ · wall_segment Stone Wall x1 |
| 27:55 | TreePac ツ · wall_segment Stone Wall x1 |
| 27:56 | TreePac ツ · wall_segment Stone Wall x1 |
| 27:57 | TreePac ツ · wall_segment Stone Wall x1 |
| 28:00 | TreePac ツ · wall_segment Stone Wall x1 |
| 28:01 | Kabun · wall_segment Stone Wall x4 |
| 28:04 | TreePac ツ · wall_segment Stone Wall x1 |
| 29:43 | 𓆩ȺꞤȺꞦȻĦɎ𓆪 · wall_segment Stone Wall x4 |
| 29:53 | TreePac ツ · wall_segment Stone Wall x5 |
| 31:15 | 𓆩ȺꞤȺꞦȻĦɎ𓆪 · wall_segment Stone Wall x7 |
| 31:22 | 𓆩ȺꞤȺꞦȻĦɎ𓆪 · wall_segment Stone Wall x13 |
| 32:08 | TreePac ツ · tribute_sent a jugador 1 |
| 32:08 | TreePac ツ · tribute_sent a jugador 2 |
| 32:08 | TreePac ツ · tribute_sent a jugador 4 |
| 32:08 | TreePac ツ · tribute_sent a jugador 5 |
| 32:08 | TreePac ツ · tribute_sent a jugador 6 |
| 32:08 | TreePac ツ · tribute_sent a jugador 7 |
| 32:08 | TreePac ツ · tribute_sent a jugador 8 |
| 32:13 | bacon · first_building Monastery |
| 32:27 | TreePac ツ · wall_segment Stone Wall x3 |
| 32:32 | alabataille · first_building Stable |
| 32:35 | TreePac ツ · first_building Castle |
| 32:38 | ken091617 · first_building Castle |
| 32:39 | 𓆩ȺꞤȺꞦȻĦɎ𓆪 · age_up castle |
| 33:11 | ken091617 · age_up imperial |
| 34:20 | bacon · first_building Castle |
| 36:31 | Super Kaute · first_building Castle |
| 36:52 | bacon · age_up imperial |
| 36:58 | 𓆩ȺꞤȺꞦȻĦɎ𓆪 · first_building Castle |
| 37:11 | TreePac ツ · tribute_sent a jugador 1 |
| 37:11 | TreePac ツ · tribute_sent a jugador 2 |
| 37:11 | TreePac ツ · tribute_sent a jugador 4 |
| 37:11 | TreePac ツ · tribute_sent a jugador 5 |
| 37:11 | TreePac ツ · tribute_sent a jugador 6 |
| 37:11 | TreePac ツ · tribute_sent a jugador 7 |
| 37:11 | TreePac ツ · tribute_sent a jugador 8 |
| 37:36 | 𓆩ȺꞤȺꞦȻĦɎ𓆪 · wall_segment Stone Wall x4 |
| 38:11 | 𓆩ȺꞤȺꞦȻĦɎ𓆪 · wall_segment Stone Wall x12 |
| 38:18 | 𓆩ȺꞤȺꞦȻĦɎ𓆪 · wall_segment Stone Wall x5 |
| 39:14 | TreePac ツ · first_market_buy 100 stone |
| 39:38 | bacon · first_market_sell 100 wood |
| 39:39 | bacon · first_market_buy 100 stone |
| 40:13 | TreePac ツ · wall_segment Palisade Wall x1 |
| 40:27 | Kabun · age_up imperial |
| 40:33 | 𓆩ȺꞤȺꞦȻĦɎ𓆪 · first_market_buy 100 stone |
| 41:11 | bacon · first_building Siege Workshop |
| 42:43 | ken091617 · first_market_sell 100 food |
| 43:34 | rapazz · age_up castle |
| 45:29 | Super Kaute · age_up imperial |
| 47:29 | Kabun · resign |
| 49:54 | alabataille · wall_segment Palisade Wall x2 |
| 50:02 | alabataille · wall_segment Palisade Wall x11 |
| 51:00 | rapazz · age_up imperial |
[ ANÁLISIS IA · 1 CRÉDITO ]
¿Qué pasó realmente en esta partida?
Wolo.gg analiza cada decisión: build order, eco, micro, errores típicos por bracket. Análisis personalizado por WhatsApp o Discord en 30 segundos.
Guía civ
Lituanos
Guía mapa
Pilgrims
Perfil
Jugador #18870821